cohdb
Replays
Latest Replays
All Replays
Popular Replays
Top Player Replays
Match Explorer
How It Works
Community
CoH3 Stats
Reddit
Sign in to upload your games and track your stats! →
Sign in with Steam
Match 41178251
Unlisted
Match 41178251
Overview
Messages
Build Orders
End
Construct Barracks
Riflemen Squad
Riflemen Squad
Riflemen Squad
Construct Weapon Support Center
Grenade Package
Construct Medical Station
Bazooka Squad
Air Support Center
M1918 Browning Automatic Rifles
Bazooka Squad
Riflemen Squad
P-47 Dive Bomb
Construct Tank Depot
M18 Hellcat Tank Destroyer
P-47 Strafing Run
P-47 Dive Bomb
Metalharl
RommelF
^3
DIV 250 BigBoss
nekopoipoi
Spirale Bruno
Leksandr
Churchill_AVRE
0
0
Comments
sign in to comment!
No comments posted yet!